 Dungeon Crawl Stone Soup version 0.20-a0-839-gdaf5c57 (webtiles) character file.

716 krabocopter the Skirmisher (level 7, -3/66 HPs)
             Began as a Ghoul Monk on Mar 8, 2017.
             Slain by a kobold (4 damage)
             ... while paralysed by Grinder
             ... in a sewer.
             The game lasted 00:12:12 (3545 turns).

krabocopter the Skirmisher (Ghoul Monk)             Turns: 3545, Time: 00:12:13

Health: -3/66      AC:  4    Str: 15      XL:     7   Next: 69%
Magic:  6/6        EV:  2    Int:  5      God:
Gold:   190        SH:  0    Dex: 12 (13) Spells: 6/6 levels left

rFire    + . .     SeeInvis .     - Unarmed
rCold    + . .     Gourm    .   r - +0 leather armour
rNeg     + + +     Faith    .   (no shield)
rPois    ∞         Spirit   .   j - +0 helmet
rElec    .         Reflect  .   (no cloak)
rCorr    .         Harm     .   (no gloves)
MR       .....                  (no boots)
Stlth    +.........             (no amulet)
Regen    0.0/turn               u - ring of loudness
MPRegen  0.1/turn               q - ring of protection from fire

@: paralysed, rotting
A: rotting body, claws 1, carnivore 3, cold resistance 1, negative energy
resistance 3, inhibited regeneration, torment resistance, unbreathing
a: no special abilities


You were in a sewer.
You were not hungry.

You visited 1 branch of the dungeon, and saw 4 of its levels.
You also visited: Sewer.

You collected 190 gold pieces.

Inventory:

Hand Weapons
 s - a +1 war axe of flaming
Armour
 j - a +0 helmet (worn)
 r - a +0 leather armour (worn)
Jewellery
 q - a ring of protection from fire (left claw)
 u - a ring of loudness (right claw)
Wands
 o - a wand of random effects (38/48)
Scrolls
 c - 3 scrolls of remove curse
 d - a scroll of noise
 e - 2 scrolls of immolation {unknown}
 i - a scroll of magic mapping {unknown}
 k - a scroll of identify {unknown}
 l - a scroll of amnesia {unknown}
 m - 2 scrolls of fear {unknown}
 n - a scroll of random uselessness {unknown}
Potions
 a - a potion of flight {unknown}
 f - 4 potions of agility
 h - 3 potions of curing
 p - 2 potions of heal wounds {unknown}
 t - a potion of brilliance {unknown}
Comestibles
 b - a meat ration
 g - a royal jelly


   Skills:
 + Level 7.2 Fighting
 - Level 5.3 Dodging
 - Level 2.1 Stealth
 + Level 4.3 Unarmed Combat


You had 6 spell levels left.
You didn't know any spells.

Dungeon Overview and Level Annotations

Branches:
Dungeon (4/15)
 Temple: D:4-7

Altars:
Dithmenos
Trog

Annotations:
D:4 exclusions: orc and orc priest Sewer Grinder


Innate Abilities, Weirdness & Mutations

Your body is rotting away.
You thrive on raw meat.
You are immune to poison.
You have sharp fingernails.
You are carnivorous and can eat meat at any time.
Your flesh is cold resistant. (rC+)
You are immune to negative energy. (rN+++)
You do not regenerate when monsters are visible.
You are immune to unholy pain and torment.
You can survive without breathing.


Message History

You take 3 damage, and have 28/66 hp.
You claw Grinder! The kobold hits you. Grinder hits you. The kobold misses you.
You take 5 damage, and have 23/66 hp.
You claw Grinder! The kobold barely misses you. Grinder hits you!
* * * LOW HITPOINT WARNING * * *
The kobold hits you with a short sword.
* * * LOW HITPOINT WARNING * * *
You take 9 damage, and have 14/66 hp.
You barely miss Grinder. The kobold barely misses you. Grinder gestures at you.
You suddenly lose the ability to move!
The kobold hits you but does no damage. The kobold completely misses you.
Grinder hits you.
* * * LOW HITPOINT WARNING * * *
The kobold hits you with a short sword.
* * * LOW HITPOINT WARNING * * *
The kobold hits you but does no damage. Grinder hits you but does no damage.
The kobold hits you with a short sword.
* * * LOW HITPOINT WARNING * * *
The kobold hits you.
You die...

.....#≈≈.#....)÷#.≈≈#
.≈≈≈≈.....≈≈≈≈≈≈..≈≈#
≈≈≈#...#≈≈≈≈≈≈#.≈≈#
####)#############
#######.).#######
###...##.)§..##...###
###...≈.'.......'.≈...###
#∩....≈.'.§._K§K'.≈...[∩#
###...≈)'....5@.'(≈...###
###...##.§.§†##...###
#######...####### #'''#
#.... #.≈≈≈ #.... ##...


You could see Grinder and 2 kobolds.

Vanquished Creatures
  The ghost of StylePro the Sneak, an amateur SpAs of Dithmenos (D:4)
  A centaur (D:4)
  A big kobold (Sewer)
  A quasit (Sewer)
  A hound (D:4)
  Terence (D:2)
  An iguana (D:4)
  Natasha (twice) (D:2)
  A worker ant (D:4)
  Ijyb (D:2)
  2 big kobold zombies (Sewer)
  7 adders
  3 gnolls (D:3)
  A river rat (D:4)
  2 ufetubi (Sewer)
  2 oozes (D:3)
  A worm (D:2)
  5 dart slugs
  A leopard gecko (D:3)
  2 orcs (D:4)
  2 ball pythons (D:2)
  5 giant cockroaches
  6 hobgoblins
  3 jackals (D:1)
  24 kobolds
  A quokka (D:3)
  10 bats
  A frilled lizard (D:3)
  4 goblins (D:1)
  A kobold zombie (Sewer)
  12 rats
106 creatures vanquished.

Vanquished Creatures (others)
  A kobold zombie (Sewer)
1 creature vanquished.

Grand Total: 107 creatures vanquished

Notes
Turn   | Place    | Note
-------+----------+-------------------------------------------
     0 | D:1      | krabocopter the Ghoul Monk began the quest for the Orb.
     0 | D:1      | Reached XP level 1. HP: 19/19 MP: 0/0
   151 | D:1      | Reached XP level 2. HP: 22/26 MP: 1/1
   767 | D:2      | Noticed Ijyb
   789 | D:2      | Killed Ijyb
   789 | D:2      | Reached skill level 4 in Fighting
   789 | D:2      | Reached XP level 3. HP: 10/33 MP: 2/2
  1112 | D:2      | Reached XP level 4. HP: 37/41 MP: 3/3
  1295 | D:2      | Noticed Terence
  1308 | D:2      | Killed Terence
  1431 | D:2      | Noticed Natasha
  1438 | D:2      | Killed Natasha
  1438 | D:2      | Reached skill level 5 in Fighting
  1438 | D:2      | Reached XP level 5. HP: 36/48 MP: 4/4
  1502 | D:2      | Noticed Natasha
  1509 | D:2      | Killed Natasha
  1518 | D:2      | Noticed a moth of wrath
  1521 | D:2      | Found a bloodstained altar of Trog.
  2331 | D:3      | Reached XP level 6. HP: 51/57 MP: 5/5
  2561 | D:4      | Reached skill level 6 in Fighting
  2893 | D:4      | Noticed StylePro's ghost (amateur SpAs)
  2925 | D:4      | Killed StylePro's ghost
  2925 | D:4      | Reached skill level 5 in Dodging
  2925 | D:4      | Reached XP level 7. HP: 29/60 MP: 6/6
  3121 | D:4      | Found a shadowy altar of Dithmenos.
  3151 | D:4      | Found a glowing drain.
  3198 | Sewer    | Entered a sewer
  3375 | Sewer    | Found a burning altar of Makhleb.
  3420 | Sewer    | Reached skill level 7 in Fighting
  3521 | Sewer    | Noticed Grinder
  3531 | Sewer    | Paralysed by Grinder for 4 turns
  3542 | Sewer    | Paralysed by Grinder for 5 turns
  3544 | Sewer    | HP: 1/66 [kobold/short sword (4)]
  3545 | Sewer    | Slain by a kobold

Vault maps used:
D:1:      nicolae_arrival_memento_mori, minmay_crystal_water, minmay_liquid_box
D:2:      st_stairs_13, tgw_trog, uniq_natasha, uniq_iyjb, uniq_terence
D:4:      nicolae_dithmenos_shadow_blocks, first_bread, serial_co_window_serial,
          co_window_corner_a, co_window_paths_a, co_window_of_opportunity_a,
          co_window_paths_b, co_window_corner_a, co_window_paths_a,
          co_window_paths_a, co_window_broadway_a, co_window_2corner,
          co_window_paths_c, glass_columns_b, glass_columns_c, glass_columns_c,
          portal_sewer_entry_a, serial_bayou_crossing
Sewer:    kennysheep_sewer_church

Skill      XL: |  1  2  3  4  5  6  7 |
---------------+----------------------+-----
Dodging        | 3 4 5 |  5.3
Fighting       | 4 5 6 7 |  7.2
Unarmed Combat | 4 |  4.3
Stealth        | |  2.1

Action                   |  1- 3 |  4- 6 |  7- 9 || total
-------------------------+-------+-------+-------++-------
Melee: Unarmed           |    82 |   202 |   169 ||   453
       Punch             |       |     6 |     3 ||     9
  Use: Scroll            |       |     1 |     2 ||     3
       Potion            |       |     2 |     1 ||     3
 Stab: Sleeping          |     3 |     3 |     2 ||     8
  Eat: Chunk             |     6 |    27 |    14 ||    47
Armor: Robe              |    19 |    29 |       ||    48
       Leather armour    |       |     2 |    62 ||    64
Dodge: Dodged            |    41 |   111 |   198 ||   350
